 Dungeon Crawl Stone Soup version 0.31.0-11-ge490571c62 (webtiles) character file.

Game seed: 15906848338468028984

8111 solopath the Grappler (level 11, -2/100 HPs)
             Began as a Troll Fighter on Jan 28, 2024.
             Was a Believer of Wu Jian.
             Slain by a freezing wraith (15 damage)
             ... led by a death knight
             ... on level 9 of the Dungeon.
             The game lasted 00:09:15 (6200 turns).

solopath the Grappler (Troll Fighter)               Turns: 6200, Time: 00:09:15

Health: -2/100     AC:  8    Str: 28    XL:     11   Next: 5%
Magic:  10/10      EV:  9    Int:  6    God:    Wu Jian [**....]
Gold:   394        SH:  9    Dex:  9    Spells: 10/10 levels left

rFire   . .          .
                       - Unarmed
rCold   x . .        b - +0 kite shield
rNeg    . . .        M - +0 steam dragon scales
rPois   +            (helmet restricted)
rElec   .            G - +0 cloak
rCorr   .            (gloves unavailable)
SInv    .            (boots unavailable)
Will    .....        d - amulet of regeneration
Stlth   +            E - ring of poison resistance
HPRegen 1.96/turn    (no ring)
MPRegen 0.12/turn

%: no passive effects
@: slowed, very slow
A: large, unfitting armour, claws 3, regeneration 1, shaggy fur 1, tough skin 1,
horns 1, cold vulnerability 1
a: Renounce Religion, Wall Jump


You were on level 9 of the Dungeon.
You worshipped Wu Jian.
Wu Jian was pleased with you.
You visited 2 branches of the dungeon, and saw 10 of its levels.

You collected 608 gold pieces.
You spent 214 gold pieces at shops.

Inventory:

Missiles
 H - a curare-tipped dart (quivered)
Armour
 b - a +0 kite shield (worn)
 G - a +0 cloak (worn)
 M - +0 steam dragon scales (worn)
Jewellery
 d - an amulet of regeneration (around neck)
 E - a ring of poison resistance (left claw)
Talismans
 e - a blade talisman
 C - a dragon-blood talisman
Wands
 f - a wand of polymorph (10)
 h - a wand of paralysis (5)
 x - a wand of flame (15)
 F - a wand of light (6)
Scrolls
 g - a scroll of enchant armour
 i - a scroll of torment
 j - 2 scrolls of teleportation
 k - 2 scrolls of poison
 m - 2 scrolls of fear
 n - a scroll of vulnerability {unknown}
 p - 2 scrolls of enchant weapon {unknown}
 q - 2 scrolls of brand weapon {unknown}
 r - 3 scrolls of amnesia {unknown}
 u - 3 scrolls of summoning {unknown}
 A - a scroll of revelation
 B - 2 scrolls of fog
 D - 8 scrolls of identify
 I - a scroll of immolation {unknown}
 K - a scroll of silence {unknown}
Potions
 c - a potion of might
 l - a potion of brilliance
 s - 2 potions of heal wounds {unknown}
 t - 2 potions of cancellation {unknown}
 v - 5 potions of curing
 w - a potion of attraction {unknown}
 z - a potion of haste {unknown}
 L - 3 potions of mutation


   Skills:
 + Level 4.2 Fighting
 - Level 2.4 Dodging
 - Level 7.8 Shields
 * Level 12.8 Unarmed Combat
 + Level 6.5 Shapeshifting


You had 10 spell levels left.
You didn't know any spells.
Your spell library contained the following spells:

 Spells                   Type           Power      Damage    Failure   Level
 Slow                     Hex            0%         N/A       65%         1
 Confusing Touch          Hex            0%         N/A       95%         3
 Fugue of the Fallen      Necr           0%         N/A       95%         3
 Ozocubu's Armour         Ice            0%         N/A       95%         3
 Sigil of Binding         Hex            0%         N/A       95%         3
 Vampiric Draining        Necr           0%         2d6       95%         3
 Brom's Barrelling Bould  Conj/Erth      0%         2d3       100%        4
 Manifold Assault         Tloc           0%         N/A       100%        4
 Shatter                  Erth           0%         3d5*      100%        9


Dungeon Overview and Level Annotations

Branches:
Dungeon (9/15)             Temple (1/1) D:6
   Lair: D:8-11         Orc: D:9-12

Altars:
Cheibriados
Dithmenos
Fedhas
Gozag
Hepliaklqana
Kikubaaqudgha
Makhleb
Nemelex Xobeh
Qazlal
Sif Muna
Trog
Uskayaw
Vehumet
Wu Jian
Xom
Zin
The Shining One

Shops:
D:5 ?


Innate Abilities, Weirdness & Mutations

You are too large for most types of armour.
You have claws for hands.
Your natural rate of healing is unusually fast.
You are covered in fur. (AC +1)
You have tough skin. (AC +1)
You have a pair of small horns on your head.
You are vulnerable to cold. (rC-)


Message History

The freezing wraith is heavily damaged.
You block the freezing wraith's attack. The freezing wraith misses you.
You block the orc wizard's attack.
The freezing wraith hits you but does no damage.
The freezing wraith hits you.
You see here a +0 dagger.
You scratch the freezing wraith but do no damage.
Your headbutt misses the freezing wraith.
The freezing wraith is heavily damaged.
The freezing wraith hits you but does no damage.
The freezing wraith barely misses you.
You barely miss the freezing wraith.
The freezing wraith is heavily damaged.
The freezing wraith hits you. The freezing wraith freezes you!!
You feel a terrible chill!
The freezing wraith hits you but does no damage.
You claw the freezing wraith!
You headbutt the freezing wraith, but do no damage.
The freezing wraith is severely damaged.
The freezing wraith hits you.
* * * LOW HITPOINT WARNING * * *
The freezing wraith freezes you!!
You feel a terrible chill!
* * * LOW HITPOINT WARNING * * *
The freezing wraith barely misses you.
Okay, then.
Okay, then.
You closely miss the freezing wraith.
The freezing wraith is severely damaged.
The orc wizard mumbles some strange words.
The orc wizard flickers and vanishes!
Deactivating autopickup; reactivate with Ctrl-A.
The freezing wraith hits you but does no damage.
The freezing wraith closely misses you.
You scratch the freezing wraith but do no damage.
Your headbutt misses the freezing wraith.
The freezing wraith is severely damaged.
The freezing wraith hits you.
* * * LOW HITPOINT WARNING * * *
The freezing wraith freezes you!
You feel a terrible chill!
You die...

# ####.........#
# .......
#............###
# .......
##)##..........).
# .......
#()##.........##.
# .......
#.###......[..###
# ....... #)#
#.........# # #
.......##.#
#.........# ..
.......#..#
#......[..# ##
...!..{W@##
#.........# #
.......###
###########
#######


You could see a freezing wraith.

Vanquished Creatures
  2 two-headed ogres
  A death knight (D:9)
  A skeletal warrior (D:9)
  Pikel (D:5)
  A phantasmal warrior (D:9)
  Maurice (D:7)
  Jeremiah (D:6)
  A troll (D:9)
  A wyvern (D:9)
  A wraith (D:9)
  2 steam dragons
  A water moccasin (D:7)
  2 orc warriors
  3 ice beasts
  A sky beast (D:3)
  The ghost of thirtiethelement the Slasher, an amateur DsBe of Trog (D:3)
  A tengu (shapeshifter) (D:9)
  2 ogres
  2 centaurs
  A kobold brigand (D:6)
  A phantom (D:4)
  4 bullfrogs
  A gnoll sergeant (D:8)
  3 scorpions
  4 wights (D:7)
  11 killer bees
  A bombardier beetle (D:4)
  4 howler monkeys
  2 orc priests
  6 hounds
  2 jellies
  A gnoll bouda (D:6)
  Ijyb (D:5)
  3 iguanas
  2 sleepcaps
  Natasha (D:2)
  3 orc wizards
  13 gnolls
  10 adders
  2 ribbon worms (D:5)
  2 dart slugs (D:1)
  25 orcs
  13 ball pythons
  7 endoplasms
  3 giant cockroaches
  7 goblins
  8 hobgoblins
  3 jackals
  7 kobolds
  7 quokkas
  5 bats
  4 frilled lizards
  7 rats
200 creatures vanquished.

Notes
Turn   | Place    | Note
-------+----------+-------------------------------------------
     0 | D:1      | solopath the Troll Fighter began the quest for the Orb.
     0 | D:1      | Reached XP level 1. HP: 22/22 MP: 0/0
    37 | D:1      | Reached XP level 2. HP: 29/29 MP: 1/1
   219 | D:1      | Reached skill level 3 in Unarmed Combat
   370 | D:1      | Reached XP level 3. HP: 35/36 MP: 2/2
   678 | D:2      | Reached XP level 4. HP: 43/44 MP: 3/3
   704 | D:2      | Noticed Natasha
   714 | D:2      | Killed Natasha
   715 | D:2      | Reached skill level 4 in Unarmed Combat
  1087 | D:3      | Reached XP level 5. HP: 48/50 MP: 4/4
  1272 | D:3      | Found a runed translucent gate.
  1333 | D:3      | Found a runed translucent gate.
  1333 | D:3      | Found a runed translucent gate.
  1335 | D:3      | Noticed a sky beast
  1337 | D:3      | Noticed thirtiethelement's ghost (amateur DsBe)
  1343 | D:3      | Gained mutation: You are vulnerable to cold. (rC-) [potion
                  | of mutation]
  1343 | D:3      | Gained mutation: You have a pair of small horns on your
                  | head. [potion of mutation]
  1360 | D:3      | Killed a sky beast
  1361 | D:3      | Reached skill level 5 in Unarmed Combat
  1370 | D:3      | Killed thirtiethelement's ghost
  1371 | D:3      | Reached XP level 6. HP: 46/59 MP: 5/5
  1498 | D:3      | Found a radiant altar of Vehumet.
  1508 | D:3      | Found a snail-covered altar of Cheibriados.
  1920 | D:4      | Reached skill level 6 in Unarmed Combat
  2161 | D:4      | Reached XP level 7. HP: 44/66 MP: 6/6
  2169 | D:4      | Reached skill level 5 in Shields
  2526 | D:5      | Entered Level 5 of the Dungeon
  2530 | D:5      | Reached skill level 7 in Unarmed Combat
  2545 | D:5      | Noticed Ijyb
  2558 | D:5      | Killed Ijyb
  2790 | D:5      | Found Koantinyr's Magic Scroll Shop.
  2793 | D:5      | Reached XP level 8. HP: 74/74 MP: 7/7
  2799 | D:5      | Bought a scroll of identify for 22 gold pieces
  2799 | D:5      | Bought a scroll of identify for 22 gold pieces
  2799 | D:5      | Bought a scroll of revelation for 82 gold pieces
  2799 | D:5      | Bought a scroll of poison for 44 gold pieces
  2799 | D:5      | Bought a scroll of fog for 44 gold pieces
  3108 | D:5      | Found an ancient bone altar of Kikubaaqudgha.
  3239 | D:5      | Found a shimmering altar of Xom.
  3239 | D:5      | Noticed Pikel
  3246 | D:5      | Killed Pikel
  3247 | D:5      | Reached skill level 8 in Unarmed Combat
  3527 | D:6      | Noticed Jeremiah
  3612 | D:6      | Reached skill level 9 in Unarmed Combat
  3723 | D:6      | Reached XP level 9. HP: 15/80 MP: 8/8
  3788 | D:6      | Found a staircase to the Ecumenical Temple.
  3810 | D:6      | You fall into a shaft and drop 1 floor!
  3831 | D:7      | Noticed Maurice
  3839 | D:7      | Killed Maurice
  3884 | D:7      | Reached skill level 10 in Unarmed Combat
  3929 | Temple   | Entered the Ecumenical Temple
  3953 | Temple   | Became a worshipper of the Wu Jian Council
  4090 | D:6      | Killed Jeremiah
  4336 | D:6      | Noticed a two-headed ogre
  4346 | D:6      | Killed a two-headed ogre
  4347 | D:6      | Reached skill level 11 in Unarmed Combat
  4347 | D:6      | Reached XP level 10. HP: 15/88 MP: 9/9
  4487 | D:7      | Reached skill level 5 in Shapeshifting
  4755 | D:7      | Reached * piety under Wu Jian
  5098 | D:8      | Got the Parchment of Talus
  5579 | D:8      | Found a sparkling altar of Nemelex Xobeh.
  6051 | D:9      | Noticed a two-headed ogre
  6056 | D:9      | Killed a two-headed ogre
  6057 | D:9      | Reached skill level 12 in Unarmed Combat
  6062 | D:9      | Reached ** piety under Wu Jian
  6091 | D:9      | Noticed a skeletal warrior
  6092 | D:9      | Noticed a death knight
  6092 | D:9      | Noticed a phantasmal warrior
  6111 | D:9      | Killed a death knight
  6115 | D:9      | Killed a phantasmal warrior
  6121 | D:9      | HP: 3/92 [skeletal warrior/+0 trident[a death knight] (24)]
  6125 | D:9      | Killed a skeletal warrior
  6126 | D:9      | Reached XP level 11. HP: 5/100 MP: 10/10
  6200 | D:9      | Slain by a freezing wraith

Illustrated notes

Levels and vault maps discovered:
D:1:      dpeg_arrival_rooms_c, layout_basic
D:2:      layout_rooms, minmay_pentomino_p4, uniq_natasha
D:3:      layout_basic, mainiacjoe_overflow_swirl, gammafunk_ghost_split,
          kennysheep_generic_room_7
D:4:      layout_cave_pods
D:5:      layout_layer_cave, mainiacjoe_overflow_big_doors, serial_shops, shop,
          grunt_ministairs_1, uniq_ijyb, uniq_pikel
D:6:      layout_basic, minmay_temple_entry_overgrown, uniq_jeremiah
D:7:      layout_basic, uniq_maurice
D:8:      layout_rooms, nemelex_altar_shiori
D:9:      layout_roguey, kennysheep_potato
Temple:   minmay_temple_bridge_abc

Skill      XL: |  1  2  3  4  5  6  7  8  9 10 |
---------------+-------------------------------+-----
Shields        | 3 4 5 6 7 |  7.8
Unarmed Combat | 3 4 5 6 7 9 11 12 | 12.8
Shapeshifting  | 3 4 6 |  6.5
Fighting       | 4 |  4.2
Dodging        | |  2.4

Action                     |  1- 3 |  4- 6 |  7- 9 | 10-12 || total
---------------------------+-------+-------+-------+-------++-------
  Melee: Unarmed           |   110 |   138 |   225 |   168 ||   641
         Headbutt          |       |     8 |    36 |    23 ||    67
  Throw: Dart              |       |       |       |     1 ||     1
         Throwing net      |       |       |       |     1 ||     1
Ability: Lunge             |       |       |     8 |    10 ||    18
         Whirlwind         |       |       |       |    32 ||    32
  Evoke: Wand              |       |       |     6 |     3 ||     9
    Use: Potion            |       |     4 |       |     3 ||     7
         Scroll            |       |       |     4 |     1 ||     5
   Stab: Sleeping          |       |     1 |       |       ||     1
         Paralysed         |       |       |     4 |       ||     4
 Armour: Robe              |    67 |    81 |   133 |    51 ||   332
         Steam dragon scal |       |       |       |    71 ||    71
  Dodge: Dodged            |    33 |    51 |    63 |    65 ||   212
  Block: Kite shield       |    47 |    65 |    81 |    88 ||   281
